 Seeded DCSS version 0.27.1-35-g4d5d836560 (console) character file.

Game seed: 6011067639838279549 (custom seed)

204781 grimtooth the Gelid (level 18, -31/112 HPs)
             Began as a Gargoyle Ice Elementalist on Aug 11, 2022.
             Was a High Priest of Sif Muna.
             Killed from afar by Nikola (46 damage)
             ... with an arc of chain lightning
             ... on level 1 of the Swamp on Aug 12, 2022.
             The game lasted 05:09:57 (35014 turns).

grimtooth the Gelid (Gargoyle Ice Elementalist)    Turns: 35014, Time: 05:10:02

Health: -31/112    AC: 36    Str: 14    XL:     18   Next: 66%
Magic:  15/37      EV: 13    Int: 28    God:    Sif Muna [*****.]
Gold:   3017       SH:  5    Dex: 10    Spells: 9/29 levels left

rFire    + . .     SeeInvis .   b - +2 dagger (venom)
rCold    + . .     Faith    .   E - +0 buckler
rNeg     + . .     Spirit   .   w - +2 robe {rC+ rF+}
rPois    ∞         Reflect  .   o - +0 helmet
rElec    +         Harm     .   (no cloak)
rCorr    .         Rampage  .   v - +0 pair of gloves {Stlth+}
Will     +....                  P - +2 pair of boots
Stlth    +++++++...             N - amulet "Tuduefe" {Regen+ Stlth+}
HPRegen  1.28/turn              j - ring of magical power
MPRegen  0.25/turn              l - +6 ring of intelligence

@: ice-armoured, unable to drink, flying, very slightly contaminated
A: no potions, sickness immunity, AC +13, big wings, negative energy resistance
1, electricity resistance, torment resistance 1, petrification resistance
}: 1/15 runes: gossamer
a: Renounce Religion, Channel Magic, Forget Spell, Divine Exegesis


You were on level 1 of the Swamp.
You worshipped Sif Muna.
Sif Muna was extremely pleased with you.
You visited 6 branches of the dungeon, and saw 27 of its levels.
You also visited: Sewer, Ossuary, Gauntlet and Ice Cave.

You collected 3017 gold pieces.

Inventory:

Hand Weapons
 a - a +7 demon whip of electrocution
 b - a +2 dagger of venom (weapon)
Missiles
 g - 11 boomerangs (quivered)
 h - 70 poisoned darts
 i - 4 throwing nets {=f}
 X - 2 curare-tipped darts
Armour
 o - a +0 helmet (worn)
 v - a +0 pair of gloves of stealth (worn)
 w - a +2 robe of resistance (worn)
 E - a +0 buckler (worn)
 P - a +2 pair of boots (worn)
Magical Staves
 m - a staff of cold
Jewellery
 j - a ring of magical power (left hand)
 l - a +6 ring of intelligence (right hand)
 n - the ring of Ziruuts {rF++ rN+ Will+ SInv Stlth-}
   (You acquired it on level 12 of the Dungeon)

   [ring of positive energy]

   rF:        It greatly protects you from fire.
   rN:        It protects you from negative energy.
   SInv:      It lets you see invisible.
   Will:      It increases your willpower.
   Stlth:     It makes you less stealthy.
 N - the amulet "Tuduefe" (around neck) {Regen+ Stlth+}
   (You found it on level 6 of the Lair of Beasts)

   [amulet of regeneration]

   Regen:     It increases your rate of health regeneration.
   Stlth:     It makes you more stealthy.
 W - a +4 ring of evasion
Wands
 d - a wand of mindburst (57)
 e - a wand of digging (17)
 s - a wand of polymorph (19)
 u - a wand of iceblast (9)
 D - a wand of acid (28)
 F - a wand of charming (23)
 K - a wand of flame (53)
 Z - a wand of paralysis (26)
Scrolls
 c - 5 scrolls of fear
 p - 3 scrolls of vulnerability
 x - a scroll of summoning
 y - a scroll of enchant armour
 A - 11 scrolls of teleportation
 J - a scroll of silence
 L - 5 scrolls of fog
 M - 7 scrolls of blinking
 T - 4 scrolls of magic mapping
Potions
 f - 15 potions of curing
 k - a potion of berserk rage
 q - 2 potions of resistance
 r - 2 potions of magic
 t - 2 potions of brilliance
 z - 2 potions of invisibility
 C - a potion of lignification
 G - 3 potions of cancellation
 H - 4 potions of heal wounds
 I - 4 potions of haste
 R - 8 potions of ambrosia
Miscellaneous
 B - a phantom mirror
 O - a lightning rod (4/4)
 U - a condenser vane
 V - a tin of tremorstones (2/2)


   Skills:
 - Level 12.0 Fighting
 - Level 6.0 Short Blades
 - Level 12.0(12.2) Maces & Flails
 + Level 3.7(8.7) Staves
 - Level 9.0 Armour
 - Level 6.0 Dodging
 - Level 12.0 Stealth
 - Level 6.0 Shields
 - Level 6.0 Spellcasting
 - Level 12.0 Conjurations
 - Level 18.0 Ice Magic
 * Level 14.1 Invocations


You had 9 spell levels left.
You knew the following spells:

 Your Spells              Type           Power      Damage    Failure   Level
a - Freeze                Ice            100%       1d11      0%          1
b - Ozocubu's Armour      Ice            83%        N/A       0%          3
c - Frozen Ramparts       Ice            100%       1d12      0%          3
d - Hailstorm             Conj/Ice       75%        3d15      1%          4
g - Ozocubu's Refrigerat  Ice            41%        4d13      3%          7
r - Searing Ray           Conj           100%       3d7       1%          2

Your spell library contained the following spells:

 Spells                   Type           Power      Damage    Failure   Level
 Magic Dart               Conj           100%       1d8       1%          1
 Shock                    Conj/Air       100%       1d9       1%          1
 Ensorcelled Hibernation  Hex/Ice        100%       N/A       1%          2
 Static Discharge         Conj/Air       42%        N/A       1%          2
 Conjure Flame            Conj/Fire      42%        6-21      1%          3
 Dazzling Flash           Conj/Hex       84%        N/A       1%          3
 Ice Form                 Ice/Tmut       56%        N/A       1%          4
 Summon Ice Beast         Ice/Summ       56%        N/A       1%          4
 Freezing Cloud           Conj/Ice/Air   29%        6-21      2%          5
 Mephitic Cloud           Conj/Pois/Air  30%        N/A       3%          3
 Fulminant Prism          Conj/Hex       21%        3d13      4%          4
 Sticky Flame             Conj/Fire      42%        2d6       4%          4
 Animate Skeleton         Necr           16%        N/A       6%          1
 Beastly Appendage        Tmut           16%        N/A       6%          1
 Pain                     Necr           32%        1d5       6%          1
 Corpse Rot               Necr/Air       N/A        N/A       9%          2
 Wereblood                Tmut           8%         N/A       9%          2
 Irradiate                Conj/Tmut      21%        3d20      14%         5
 Lightning Bolt           Conj/Air       21%        1d36      14%         5
 Gell's Gravitas          Tloc           4%         N/A       19%         3
 Ignite Poison            Fire/Tmut/Pois 8%         N/A       19%         3
 Spider Form              Tmut/Pois      4%         N/A       19%         3
 Summon Guardian Golem    Hex/Summ       8%         N/A       19%         3
 Tukima's Dance           Hex            8%         N/A       19%         3
 Vampiric Draining        Necr           4%         2d6       19%         3
 Bolt of Magma            Conj/Fire/Erth 15%        4d9       32%         5
 Orb of Destruction       Conj           33%        9d12      36%         7
 Animate Dead             Necr           4%         N/A       52%         4
 Dispel Undead            Necr           8%         3d8       52%         4
 Leda's Liquefaction      Hex/Erth       4%         N/A       52%         4
 Passage of Golubria      Tloc           N/A        N/A       52%         4
 Petrify                  Tmut/Erth      8%         N/A       52%         4
 Summon Lightning Spire   Summ/Air       8%         N/A       52%         4
 Iron Shot                Conj/Erth      21%        9d5       61%         6
 Starburst                Conj/Fire      21%        6d7       61%         6
 Yara's Violent Unravell  Hex/Tmut       4%         3d4       86%         5
 Polar Vortex             Ice            41%        N/A       98%         9
 Spellforged Servitor     Conj/Summ      21%        N/A       99%         7
 Death Channel            Necr           4%         N/A       100%        6
 Haunt                    Necr/Summ      4%         N/A       100%        7
 Infestation              Necr           4%         N/A       100%        8
 Lehudib's Crystal Spear  Conj/Erth      21%        10d6      100%        8
 Maxwell's Capacitive Co  Air            4%         ∞         100%        8
 Necromutation            Tmut/Necr      4%         N/A       100%        8
 Statue Form              Tmut/Erth      Unusable   N/A       N/A         6

Dungeon Overview and Level Annotations

Branches:
Dungeon (13/15)            Temple (1/1) D:5            Lair (6/6) D:11
  Swamp (1/4) Lair:3       Spider (4/4) Lair:4        Slime (0/5) Lair:5
    Orc (2/2) D:12            Elf (0/3) Orc:2        Vaults (0/5) D:13
  Sewer (visited)         Ossuary (visited)           IceCv (visited)
Gauntlet (visited)

Altars:
Ashenzari
Cheibriados
Dithmenos
Elyvilon
Fedhas
Gozag
Hepliaklqana
Kikubaaqudgha
Makhleb
Nemelex Xobeh
Okawaru
Qazlal
Ru
Sif Muna
Trog
Uskayaw
Vehumet
Wu Jian
Xom
Yredelemnul
Zin
The Shining One
Jiyva

Shops:
D:8 =   D:12 !   Orc:2 :!([

Annotations:
D:8 3 runed translucent doors, AverageBear's ghost, novice DDFi
Lair:3 exclusion: oklob plant
Lair:5 1 runed translucent door, Caiseiw's ghost, journeyman TeAE
Swamp:1 Nikola
Spider:4 1 runed translucent door, Bearnado's ghost, adept MiBe


Innate Abilities, Weirdness & Mutations

You cannot drink.
You are immune to sickness and miasma.
Your stone body is resilient. (AC +13)
You are immune to poison.
Your large and strong wings let you fly.
You resist negative energy. (rN+)
You are resistant to electric shocks. (rElec)
You are resistant to unholy torment.
You are immune to petrification.


Message History

Lightning arcs from Nikola's hands!
The bolt of lightning hits you!!! You resist.
A bolt of lightning appears from out of thin air!
The bolt of lightning hits Nikola!
You hear a roar!
You barely miss Nikola.
Nikola is heavily wounded.
Nikola misses you.
You hit Nikola.
Nikola looks as sick as possible!
Nikola is heavily wounded.
Nikola hits you with a +1 rapier of electrocution.
Your icy armour will break if you move.
Continue?
Okay, then.
You barely miss Nikola.
Nikola is heavily wounded.
Casting: Ozocubu's Refrigeration (dangerous; 3% risk of failure)
Confirm with . or Enter, or press ? or * to list all spells.
The heat is drained from your surroundings.
You feel very cold.
Nikola is frozen.
Nikola is severely wounded.
Nikola casts a spell.
Lightning arcs from Nikola's hands!
The bolt of lightning hits you!!! You resist.
* * * LOW HITPOINT WARNING * * *
A bolt of lightning appears from out of thin air!
The bolt of lightning hits Nikola.
Press: ? - help, v - describe, . - travel, g - get item
Here: Nikola, wielding a +1 rapier of electrocution, wearing a +0 cloak and wearing a +0 pair of gloves (almost dead, extremely poisoned) Item here: 22 gold pieces.
The floor, spattered with blood.
Casting: Ozocubu's Refrigeration (dangerous; 3% risk of failure)
Confirm with . or Enter, or press ? or * to list all spells.
You miscast Ozocubu's Refrigeration.
You are very lightly contaminated with residual magic.
Your hands feel numb with cold.
You resist.
* * * LOW HITPOINT WARNING * * *
Nikola mumbles some strange words.
Lightning arcs from Nikola's hands!
The bolt of lightning hits you!!! You resist.
You die...

♣.≈♣♣ .....≈ ≈§.#
.≈..♣...#.=.≈≈≈.#D#
♣≈≈...# #..≈..≈.#..
..≈.♣.###..♣≈≈.......
.≈.♣♣......♣≈.......♣
....................♣
≈......#.#.....###..♣
≈.≈.≈..#............♣
≈.≈.........###.....♣
..≈.....#.....#.#@.♣
...≈.≈.....#.##.@.♣
....§.≈..........♣♣
...≈≈≈.≈≈..≈...♣≈♣
.≈≈......≈..≈..≈..♣
..≈........≈≈≈≈.≈≈§♣
≈...≈......≈≈≈.....♣
...^§.........§≈.≈.♣
...≈≈...............♣
..♣..♣..≈♣.♣.♣≈≈♣♣.♣♣
♣♣♣♣♣♣♣♣♣♣♣♣♣♣♣♣♣


You could see Nikola (extremely poisoned).

Vanquished Creatures
  Arachne (Spider:2)
  Jorgrun (D:12)
  Rupert (Lair:6)
  Roxanne (Spider:2)
  A fire giant (D:13)
  2 ghost moths
  A balrug (Gauntlet)
  6 emperor scorpions (Spider:4)
  A vampire knight (D:13)
  3 entropy weavers
  A minotaur (Gauntlet)
  6 dire elephants (Lair:6)
  2 spark wasps
  An ettin (D:13)
  5 hydras
  Harold (D:7)
  Erolcha (Orc:1)
  An ice dragon (Lair:5)
  4 boulder beetles
  5 vault guards (D:13)
  2 ghost crabs (Swamp:1)
  9 centaur warriors
  2 catoblepae (Lair:5)
  An ogre mage (D:13)
  2 ironbound frosthearts (IceCv)
  18 death yaks
  6 two-headed ogres
  A tengu warrior (D:13)
  An alligator (Swamp:1)
  Urug (D:13)
  An orc high priest (Orc:1)
  A spectral dire elephant (Lair:6)
  A swamp dragon (Swamp:1)
  An obsidian statue (Lair:6)
  A spectral anaconda (Lair:6)
  2 lindwurms
  A phantasmal warrior (D:13)
  3 bog bodies
  5 necromancers
  Pikel (D:5)
  4 orc knights
  2 deep elf pyromancers
  8 wolf spider zombies (Spider:2)
  5 ugly things
  21 orb spiders
  22 wolf spiders
  2 oklob plants (Lair:4)
  7 manticores
  4 cyclopes
  3 slime creatures (D:13)
  Joseph (D:7)
  18 elephants
  An ice statue (IceCv)
  4 moths of wrath
  6 black mambas
  A dire elephant zombie (Lair:6)
  2 torpor snails
  13 cane toads
  A gargoyle (D:11)
  An efreet (D:13)
  8 rime drakes
  2 kobold demonologists
  A yaktaur (shapeshifter) (D:11)
  18 komodo dragons
  An ice devil (Gauntlet)
  11 redback zombies (Spider:2)
  A yaktaur (D:13)
  A dire elephant skeleton (Lair:6)
  A tengu conjurer (D:13)
  11 demonic crawlers
  A bloated husk (Swamp:1)
  19 polar bears
  A queen bee (shapeshifter) (D:13)
  7 trolls
  36 jumping spiders
  A queen bee (Gauntlet)
  2 hornets (Spider:3)
  A tyrant leech (Swamp:1)
  13 blink frogs
  A raiju (shapeshifter) (D:13)
  Prince Ribbit (D:5)
  9 tarantella zombies (Spider:2)
  2 shadows
  A tarantella (shapeshifter) (D:9)
  30 tarantellas
  88 redbacks
  A spriggan (shapeshifter) (D:9)
  2 wraiths
  47 yaks
  10 wyverns
  2 humans (D:13)
  Eustachio (D:5)
  9 basilisks
  5 vampire mosquitoes (Swamp:1)
  A steam dragon (Lair:3)
  Edmund (D:5)
  2 wargs (Orc:1)
  6 swamp worms
  19 water moccasins
  2 acid dragons
  A death yak simulacrum (Lair:6)
  Duvessa (D:5)
  2 two-headed ogre zombies (D:12)
  31 orc warriors
  2 black bears (Lair:1)
  2 elephant zombies (Lair:6)
  3 ice beasts
  2 necrophages (D:6)
  A hornet zombie (D:7)
  6 ogres
  A swamp drake (Swamp:1)
  12 centaurs
  A lemure (D:5)
  28 wolves
  A phantom (D:7)
  4 elephant skeletons (Lair:6)
  4 kobold brigands
  11 bullfrogs
  A cane toad simulacrum (Lair:6)
  2 gnoll sergeants
  15 scorpions
  2 troll zombies (D:12)
  Dowan (D:5)
  10 killer bees
  An elephant simulacrum (Lair:6)
  A wight (D:6)
  5 electric eels
  A howler monkey (D:6)
  4 centaur zombies
  A lava snake (Lair:6)
  A human zombie (Ossuary)
  18 orc priests
  2 hounds
  2 bullfrog skeletons
  2 jellies
  11 hell rats
  7 iguanas
  4 scorpion zombies (Ossuary)
  19 orc wizards
  A killer bee zombie (D:9)
  4 ogre zombies (D:12)
  A hound skeleton (D:4)
  3 mummies (Ossuary)
  Robin (D:2)
  10 adders
  10 gnolls
  A shadow imp (D:6)
  3 white imps (Gauntlet)
  An ufetubus (D:6)
  An adder zombie (D:5)
  An adder skeleton (D:4)
  3 worms
  2 dart slugs
  66 orcs
  6 endoplasms
  8 giant cockroaches
  3 gnoll zombies (Ossuary)
  20 goblins
  10 hobgoblins
  4 jackals
  7 quokkas
  14 ball pythons
  2 bats
  5 frilled lizards
  4 goblin zombies
  A hobgoblin skeleton (D:12)
  7 hobgoblin zombies
  14 kobolds
  3 kobold zombies (Ossuary)
  2 orc skeletons (D:12)
  17 orc zombies
  8 rats
  A butterfly (Lair:3)
1074 creatures vanquished.

Vanquished Creatures (others)
  A spriggan (Swamp:1)
  A bloated husk (Swamp:1)
  A hornet (Swamp:1)
  2 polar bears
  2 wolves (IceCv)
  A hell rat (Lair:5)
  A bush (D:11)
  46 fungi
  141 plants
  13 toadstools (Lair:3)
  21 withered plants (Lair:6)
230 creatures vanquished.

Grand Total: 1304 creatures vanquished

Notes
Turn   | Place    | Note
-------+----------+-------------------------------------------
     0 | D:1      | grimtooth the Gargoyle Ice Elementalist began the quest for
                  | the Orb.
     0 | D:1      | Reached XP level 1. HP: 10/10 MP: 3/3
   164 | D:1      | Reached XP level 2. HP: 15/15 MP: 1/5
   435 | D:1      | Found a faded altar of an unknown god.
  1133 | D:2      | Reached XP level 3. HP: 17/19 MP: 6/6
  1422 | D:2      | Noticed Robin
  1465 | D:2      | Reached XP level 4. HP: 24/24 MP: 8/8
  1493 | D:2      | Killed Robin
  2113 | D:3      | Found a glowing drain.
  2116 | D:3      | Reached skill level 5 in Ice Magic
  2136 | Sewer    | Entered a sewer
  2258 | Sewer    | Reached XP level 5. HP: 27/28 MP: 10/10
  2364 | Sewer    | Reached skill level 6 in Ice Magic
  2364 | Sewer    | Reached XP level 6. HP: 17/32 MP: 12/12
  2460 | Sewer    | Identified the +1 pair of gloves of the Bull {rPois}
  3255 | D:3      | Learned a level 3 spell: Ozocubu's Armour
  3259 | D:3      | Learned a level 3 spell: Frozen Ramparts
  3401 | D:4      | Found an ornate altar of the Wu Jian Council.
  3653 | D:4      | Reached skill level 7 in Ice Magic
  3653 | D:4      | Reached XP level 7. HP: 29/36 MP: 13/13
  3812 | D:4      | Found a snail-covered altar of Cheibriados.
  4162 | D:4      | Found a radiant altar of Vehumet.
  4298 | D:4      | Reached skill level 8 in Ice Magic
  4793 | D:4      | Learned a level 4 spell: Hailstorm
  4794 | D:5      | Entered Level 5 of the Dungeon
  4794 | D:5      | Noticed Duvessa
  4794 | D:5      | Noticed Dowan
  4794 | D:5      | Noticed Prince Ribbit
  4798 | D:5      | Killed Dowan
  4799 | D:5      | Reached skill level 1 in Conjurations
  4801 | D:5      | Killed Duvessa
  4802 | D:5      | Reached XP level 8. HP: 29/41 MP: 14/14
  4836 | D:5      | Killed Prince Ribbit
  4837 | D:5      | Reached skill level 9 in Ice Magic
  4982 | D:5      | Found a staircase to the Ecumenical Temple.
  5056 | D:5      | Reached skill level 5 in Conjurations
  5169 | D:5      | Noticed Edmund
  5175 | D:5      | Killed Edmund
  5192 | D:5      | Noticed Pikel
  5199 | D:5      | Killed Pikel
  5200 | D:5      | Reached skill level 5 in Spellcasting
  5200 | D:5      | Reached XP level 9. HP: 51/51 MP: 11/16
  5372 | D:5      | Noticed Eustachio
  5378 | D:5      | Killed Eustachio
  5609 | Temple   | Entered the Ecumenical Temple
  5617 | Temple   | Became a worshipper of Sif Muna the Loreminder
  5677 | D:6      | Found a sand-covered staircase.
  5682 | Ossuary  | Entered an ossuary
  5832 | Ossuary  | Reached skill level 5 in Fighting
  5951 | Ossuary  | Reached * piety under Sif Muna
  6041 | Ossuary  | Reached skill level 1 in Short Blades
  6063 | Ossuary  | - a little too close
  6665 | D:6      | Reached XP level 10. HP: 60/60 MP: 19/19
  6741 | D:6      | Reached skill level 5 in Short Blades
  7566 | D:7      | Identified the +1 robe "Mibiw" {rElec rPois Dex+4}
  7779 | D:7      | Noticed an eight-headed hydra
  8063 | D:7      | Found the +2 robe of Vines {NoPotionHeal Regen+++}
  8239 | D:7      | Noticed Joseph
  8255 | D:7      | Killed Joseph
  8255 | D:7      | Reached ** piety under Sif Muna
  8418 | D:7      | Noticed Harold
  8462 | D:8      | Found Jitud's Jewellery Boutique.
  8678 | D:8      | Found a hide-covered altar of Uskayaw.
  8813 | D:8      | Noticed AverageBear's ghost (novice DDFi)
  8839 | D:8      | Found a runed translucent gate.
  8839 | D:8      | Found a runed translucent gate.
  8839 | D:8      | Found a runed translucent gate.
  9750 | D:9      | Reached skill level 1 in Armour
  9750 | D:9      | Noticed a boulder beetle
  9823 | D:9      | Noticed a centaur warrior
  9852 | D:9      | Noticed a kobold demonologist
  9870 | D:9      | Killed a kobold demonologist
 10040 | D:9      | Noticed a manticore
 10048 | D:9      | Noticed a two-headed ogre
 10070 | D:9      | Killed a two-headed ogre
 10071 | D:9      | Reached XP level 11. HP: 64/64 MP: 17/20
 10113 | D:9      | Noticed a manticore
 10393 | D:9      | Reached skill level 5 in Armour
 10474 | D:9      | Noticed a manticore
 10489 | D:9      | Killed a manticore
 10626 | D:9      | Noticed a cyclops
 10658 | D:9      | Killed a cyclops
 10659 | D:9      | Reached skill level 5 in Stealth
 11016 | D:9      | Killed a centaur warrior
 11017 | D:9      | Reached skill level 1 in Invocations
 11020 | D:9      | Learned a level 2 spell: Searing Ray
 11054 | D:9      | Killed a manticore
 11119 | D:9      | Killed a manticore
 11239 | D:9      | Noticed a two-headed ogre
 11253 | D:9      | Killed a two-headed ogre
 11254 | D:9      | Reached skill level 5 in Invocations
 11363 | D:9      | Killed a boulder beetle
 11364 | D:9      | Reached skill level 1 in Maces & Flails
 11428 | D:10     | Entered Level 10 of the Dungeon
 11500 | D:10     | Reached *** piety under Sif Muna
 11781 | D:10     | Reached skill level 1 in Shields
 11876 | D:10     | Noticed a two-headed ogre
 11961 | D:10     | Killed a two-headed ogre
 12400 | D:11     | Noticed a boulder beetle
 12418 | D:11     | Reached XP level 12. HP: 64/70 MP: 21/21
 12529 | D:11     | Killed a boulder beetle
 12639 | D:11     | Found a staircase to the Lair.
 12675 | D:11     | Reached skill level 5 in Maces & Flails
 12676 | D:11     | Reached skill level 5 in Shields
 13077 | D:11     | Noticed a boulder beetle
 13126 | D:11     | Killed a boulder beetle
 13232 | D:11     | - these ugly things are trouble
 13304 | D:11     | Reached **** piety under Sif Muna
 13356 | D:11     | Noticed a boulder beetle
 13370 | D:11     | Killed a boulder beetle
 13378 | D:11     | Reached skill level 10 in Ice Magic
 13841 | D:7      | Killed Harold
 14007 | Lair:1   | Entered Level 1 of the Lair of Beasts
 14220 | Lair:1   | Reached skill level 11 in Ice Magic
 14307 | Lair:1   | Reached XP level 13. HP: 73/74 MP: 22/22
 15256 | Lair:2   | Reached ***** piety under Sif Muna
 15314 | Lair:2   | Reached skill level 12 in Ice Magic
 15513 | Lair:2   | Received a gift from Sif Muna
 15522 | Lair:2   | Got Sif Muna's Catalogue of Clay and Weightlessness {god
                  | gift}
 15629 | Lair:2   | Identified the +3 leather armour of a Labyrinth {rPois}
 16382 | Lair:3   | Found a staircase to the Swamp.
 17049 | Lair:3   | Found a blossoming altar of Fedhas.
 17499 | Lair:4   | Found a blossoming altar of Fedhas.
 17698 | Lair:4   | Found a hole to the Spider Nest.
 17700 | Lair:4   | Identified the +4 trident "Killer Klown's Foe" {vorpal, rF+
                  | rCorr}
 17867 | Lair:5   | Reached skill level 10 in Invocations
 17875 | Lair:5   | Gained mutation: Your large and strong wings let you fly.
                  | [Gargoyle growth]
 17875 | Lair:5   | Reached XP level 14. HP: 76/86 MP: 23/23
 17972 | Lair:5   | Found a viscous altar of Jiyva.
 17973 | Lair:5   | Found a staircase to the Slime Pits.
 18257 | Lair:5   | Found a frozen archway.
 18267 | Lair:5   | Received a gift from Sif Muna
 18304 | IceCv    | Entered an ice cave
 18876 | IceCv    | Reached skill level 10 in Fighting
 19550 | IceCv    | Received a gift from Sif Muna
 19912 | Lair:5   | Found a runed translucent door.
 19913 | Lair:5   | Identified the +8 trident of Festooned Valour {speed, rC+}
 19915 | Lair:5   | Noticed Caiseiw's ghost (journeyman TeAE)
 19977 | Lair:5   | Identified a scroll of acquirement
 20147 | Lair:5   | Reached XP level 15. HP: 96/96 MP: 24/24
 20238 | Lair:5   | Identified the ring "Xyoqic" {+Blink Fly SInv}
 20506 | Lair:6   | Entered Level 6 of the Lair of Beasts
 20566 | Lair:6   | Found a gate leading to a gauntlet.
 20596 | Lair:6   | Noticed Rupert
 20597 | Lair:6   | - well this is inconvenient
 20622 | Gauntlet | Entered a Gauntlet
 20622 | Gauntlet | Found a transporter.
 20622 | Gauntlet | Found a runed translucent door.
 20622 | Gauntlet | Found a transporter.
 20623 | Gauntlet | - don't forget on the way out...
 20623 | Gauntlet | Found a runed translucent door.
 20624 | Gauntlet | Found a transporter.
 20624 | Gauntlet | Found a transporter.
 20628 | Gauntlet | Found a transporter.
 20628 | Gauntlet | Found a transporter.
 20659 | Gauntlet | Found a runed translucent gate.
 20659 | Gauntlet | Found a runed translucent gate.
 20663 | Gauntlet | Found a runed translucent gate.
 20663 | Gauntlet | Found a transporter.
 20667 | Gauntlet | Found a transporter.
 20672 | Gauntlet | Noticed a balrug
 20679 | Gauntlet | Found a transporter.
 20695 | Gauntlet | Found a transporter.
 20703 | Gauntlet | Found a transporter.
 20723 | Gauntlet | Found a transporter.
 20950 | Gauntlet | Killed a balrug
 21018 | Gauntlet | Reached skill level 10 in Stealth
 21859 | Lair:6   | Killed Rupert
 21983 | Lair:6   | Received a gift from Sif Muna
 22004 | Lair:6   | Got Sif Muna's Collected Works on Frigorific Dark Rituals
                  | {god gift}
 23536 | Lair:6   | Reached XP level 16. HP: 101/101 MP: 17/25
 23771 | Lair:6   | Identified the amulet "Tuduefe" {Regen+ Stlth+}
 24420 | D:11     | Reached skill level 13 in Ice Magic
 25002 | D:12     | Acquired the ring of Ziruuts {rF++ rN+ Will+ SInv Stlth-}
 25107 | D:12     | Noticed Jorgrun
 25222 | D:12     | Found Xefas's Distillery.
 25602 | D:12     | Found a staircase to the Orcish Mines.
 25765 | D:12     | Killed Jorgrun
 25766 | D:12     | Reached skill level 5 in Dodging
 25992 | Orc:1    | Entered Level 1 of the Orcish Mines
 26138 | Orc:1    | Noticed Erolcha
 26209 | Orc:1    | Killed Erolcha
 26310 | Orc:2    | Entered Level 2 of the Orcish Mines
 26814 | Orc:2    | Found a staircase to the Elven Halls.
 26853 | Orc:2    | Reached skill level 14 in Ice Magic
 27287 | Orc:2    | Found Pisasuv's Weapon Shop.
 27287 | Orc:2    | Found Leril's Distillery.
 27287 | Orc:2    | Found Huttupuh's Book Shoppe.
 27371 | Orc:2    | Found Puoniuj's Antique Armour Boutique.
 27565 | Spider:1 | Entered Level 1 of the Spider Nest
 27572 | Spider:1 | Received a gift from Sif Muna
 27595 | Spider:1 | Got Sif Muna's Tome of the Snowflakes and the Birds {god
                  | gift}
 27944 | Spider:1 | Reached skill level 15 in Ice Magic
 28337 | Spider:1 | Reached skill level 10 in Maces & Flails
 28557 | Spider:1 | Reached skill level 16 in Ice Magic
 29030 | Spider:2 | Received a gift from Sif Muna
 29033 | Spider:2 | Reached XP level 17. HP: 97/106 MP: 10/26
 29035 | Spider:2 | Reached skill level 10 in Conjurations
 29165 | Spider:2 | Learned a level 7 spell: Ozocubu's Refrigeration
 29561 | Spider:2 | Received a gift from Sif Muna
 29564 | Spider:2 | Got Banlor's Disquisition on Flying Arcane Weapons {god
                  | gift}
 29591 | Spider:2 | Noticed Arachne
 30020 | Spider:2 | Noticed Roxanne
 30679 | Spider:3 | Reached skill level 17 in Ice Magic
 31116 | Spider:4 | Entered Level 4 of the Spider Nest
 31308 | Spider:4 | Found a runed translucent door.
 31308 | Spider:4 | Noticed Bearnado's ghost (adept MiBe)
 31741 | Spider:4 | Reached skill level 18 in Ice Magic
 31803 | Spider:4 | Received a gift from Sif Muna
 31804 | Spider:4 | Got Sif Muna's Reference Book on the Voyage and
                  | Confrontation {god gift}
 32221 | Spider:4 | Reached XP level 18. HP: 89/112 MP: 2/27
 32803 | Spider:4 | Got a gossamer rune of Zot
 33039 | Spider:2 | Killed Arachne
 33133 | Spider:2 | Killed Roxanne
 33518 | D:13     | Found a flagged portal.
 33550 | D:13     | Noticed Urug
 33681 | D:13     | Killed Urug
 33767 | D:13     | Reached skill level 1 in Staves
 34180 | D:13     | Received a gift from Sif Muna
 34366 | D:13     | Found a gate to the Vaults.
 34563 | Swamp:1  | Entered Level 1 of the Swamp
 34886 | Swamp:1  | Noticed Nikola
 35014 | Swamp:1  | Killed from afar by Nikola

Illustrated notes #...#...#...#...#...#...# #...'...8...#...'...'...# #...#.......#...#...#...# ######8...8###'########## #?=M#.......#...#...#...# #..?#...8...#...8...#...# #!!.#...#...#.......#...# ##+###########8...8###'## #...#†......#.†.....#...# #Z..'...††..'...8...'...# #...#....@..#...#...#...# # ##################### Turn 6063 on Ossuary: - a little too close #...#################...###### #...# #<..# # #...###### #...# # #........# #...# ## ####...####.# #...#####. .......# ##'## #......... .......# #8.8# #####......... .....### #8(8##### #............. .##### #8.8#.#.# #............. .# +...').## #..#####...... .# ##8##..@# #..# #...♣.. ># ######†# #..# ##...... .# #.. #..# #....P.. .#### #..##..# #....... ....# #..##..# #....... ....## +.##...# ##.♣.... .....## ###....#####..P... ......# #............P.. ......# #............... ?.....# #...[..........# ......# #...........<... Turn 13232 on D:11: - these ugly things are trouble

.............?. ...............
...........S...
.....#.................
..........k............
#####..................... .
#.#.#.....................
..###...#..##<...##..
.≈.............#........
§≈P..............∩...#
≈≈|....<......†.@....#
≈§....P..#..........P#
§≈≈..P##.#P...........@. ≈≈ ≈≈≈≈
§§#......#....PP........≈≈≈###≈≈≈
§≈S..........P.P........≈≈≈≈≈≈≈≈≈
≈§§.....................≈≈≈≈≈≈≈≈≈
§≈§..........(......##...........
§§§.............PPP#. #......§§..
§§§.............P..####.......§§§
...............##.#...........§§§
..............................§.§


Turn 20597 on Lair:6: - well this is inconvenient .#### .#5. . .#.# .. .#5#..#
##©#..#©# ##..#5.# ##...###... #≈.@.#...# #≈≈...###### #≈≈≈.8.......
##≈≈...###### ##≈.∩.###.B. ##...###... ##..#Z.##+ ##©#..#©# Turn 20623 on
Gauntlet: - don't forget on the way out...

Levels and vault maps discovered:
D:1:      denvon_arrival_planthouse, layout_basic,
          dreamdust_ecumenical_altar_hidden_monk_grotto
D:2:      layout_basic, minmay_between, uniq_robin
D:3:      layout_loops_ring, portal_sewer_entry_b
D:4:      minmay_angry_zag, layout_basic, lemuel_round_altar,
          mainiacjoe_overflow_catch_the_wave, chequers_mini_garden,
          kennysheep_opposing_triangles
D:5:      layout_loops_ring, minmay_temple_entry_proselytizer, uniq_pikel,
          uniq_edmund, uniq_eustachio, uniq_duvessa, uniq_prince_ribbit1
D:6:      kennysheep_six_static_rooms, layout_basic, enter_ossuary_2,
          glass_columns_a, grunt_tough_drop
D:7:      layout_gridville, hellmonk_guarded_unrand_vines, uniq_harold,
          uniq_joseph
D:8:      layout_basic, mainiacjoe_overflow_24_doors, gammafunk_ghost_icy,
          minivault_1, nicolae_stop_n_shop_2, grunt_decor_clamped
D:9:      minmay_diamond_stairs, layout_basic, kennysheep_small_square
D:10:     layout_irregular_city, blue_anna_alchemist
D:11:     minmay_chambers_of_sevens, layout_small_grid, minmay_lair_entry_grove
D:12:     layout_stronghold, zombieorc2_lemuel, serial_shops,
          nicolae_inconvenience_store, uniq_jorgrun
D:13:     minmay_chopped_fan, layout_gridville, grunt_vaults_entry_fortified,
          enter_bailey_4, st_stairs_14, uniq_urug
Temple:   nicolae_temple_no_exploring_needed
Lair:1:   layout_roguey, beast_lair_carwin_10
Lair:2:   layout_loops_ring, serial_bayou_lagoon_b, infiniplex_staircase_pool_2
Lair:3:   beast_lair_carwin_large_3, layout_chaotic_city,
          nicolae_swamp_entry_splash_gauntlet, minivault_27, tgw_fedhas,
          lemuel_fruit_fields
Lair:4:   wander_river, layout_cave_shapes, spider_nest_entry_web_field,
          hangedman_tree_tricks
Lair:5:   layout_roguey, slime_altar_1, ebering_ghost_funeral_grove,
          special_room [special_room_mythical_zoo],
          portal_ice_cave_entry_animals_and_master,
          nicolae_lair_grove_arrangements
Lair:6:   due_jungle_book, layout_gridlike, gauntlet_entry_generic,
          serial_bayou_lagoon_a, serial_bayou_pond_e, uniq_rupert
Swamp:1:  layout_basic_swamp, evilmike_swamp_ruin_rubble_2, swamp_pool3,
          uniq_nikola
Spider:1: layout_spider_delve, nicolae_spider_checkerboard
Spider:2: lemuel_spider_zombies, nicolae_orb_island, uniq_arachne, uniq_roxanne
Spider:3: layout_spider_delve, drop_trap
Spider:4: grunt_spider_rune_circles, ebering_ghost_inner_flame
Orc:1:    layout_diamond_mine, uniq_erolcha
Orc:2:    st_orc_rangers, layout_diamond_mine

Skill      XL: |  1  2  3  4  5  6  7  8  9 10 11 12 13 14 15 16 17 18 |
---------------+-------------------------------------------------------+-----
Spellcasting   | 3 4 5 6 |  6.0
Ice Magic      | 5 6 7 8 9 11 12 16 18 | 18.0
Conjurations   | 2 6 9 12 | 12.0
Fighting       | 3 6 9 12 | 12.0
Short Blades   | 4 6 |  6.0
Armour         | 4 6 9 |  9.0
Stealth        | 4 6 7 9 12 | 12.0
Invocations    | 6 8 10 12 14 | 14.1
Maces & Flails | 4 6 9 10 11 12 | 12.0
Shields        | 3 6 |  6.0
Dodging        | 3 6 |  6.0
Staves         | 3 |  3.7

Action                   |  1- 3 |  4- 6 |  7- 9 | 10-12 | 13-15 | 16-18 || total
-------------------------+-------+-------+-------+-------+-------+-------++-------
Melee: Dagger            |       |    25 |   138 |   128 |   160 |    33 ||   484
       Whip              |       |       |       |     2 |       |       ||     2
       Demon whip        |       |       |       |       |   111 |   998 ||  1109
 Fire: Hunting sling     |    75 |    84 |    50 |    27 |       |       ||   236
Throw: Stone             |     1 |       |       |       |       |       ||     1
       Dart              |       |    16 |    28 |    57 |    52 |   149 ||   302
       Boomerang         |       |       |       |       |       |    11 ||    11
 Cast: Freeze            |    31 |    54 |    35 |    56 |    95 |    10 ||   281
       Ozocubu's Armour  |       |     4 |    15 |    41 |    74 |    61 ||   195
       Frozen Ramparts   |       |     2 |    26 |    45 |    51 |    37 ||   161
       Hailstorm         |       |       |    32 |    55 |   117 |   136 ||   340
       Searing Ray       |       |       |       |    36 |   116 |    60 ||   212
       Lehudib's Crystal |       |       |       |       |       |     1 ||     1
       Ozocubu's Refrige |       |       |       |       |       |    35 ||    35
Invok: Channel Magic     |       |       |       |       |    13 |     4 ||    17
       Divine Exegesis   |       |       |       |       |       |     1 ||     1
Evoke: Wand              |       |       |       |     1 |     8 |     4 ||    13
  Use: Potion            |       |       |     1 |     3 |     1 |     3 ||     8
       Scroll            |       |       |       |    16 |    11 |    11 ||    38
 Stab: Sleeping          |       |     1 |     3 |     6 |    11 |    20 ||    41
       Distracted        |       |       |       |       |     1 |     3 ||     4
       Held in net/web   |       |       |       |       |       |     4 ||     4
Armor: Robe              |     5 |       |       |       |   128 |   737 ||   870
       Animal skin       |       |    28 |    64 |    13 |       |       ||   105
       Troll leather arm |       |       |       |   158 |   190 |       ||   348
Dodge: Dodged            |     8 |    25 |    78 |   140 |   451 |   637 ||  1339
Block: Buckler           |       |       |       |    14 |   150 |   238 ||   402
